 Dungeon Sprint DCSS version 0.23.0 (webtiles) character file.

Game seed: 10351992299263868154

39033 Kairos the Warrior (level 14, -4/120 HPs)
             Began as a Formicid Fighter on Feb 12, 2019.
             Was a High Priest of Qazlal.
             Killed from afar by a gelid blood saint (26 damage)
             ... with an iceblast
             ... in the Dungeon (Sprint V: "Ziggurat Sprint").
             The game lasted 00:23:23 (2741 turns).

Kairos the Warrior (Formicid Fighter)               Turns: 2741, Time: 00:23:24

Health: -4/120     AC: 30    Str: 34    XL:     14   Next: 37%
Magic:  4/30       EV:  8    Int: 10    God:    Qazlal [*****.]
Gold:   0          SH: 39    Dex: 10    Spells: 25/38 levels left

rFire    + + .     SeeInvis +   j - +5 demon whip (elec)
rCold    + . .     Gourm    .   n - +18 shield of the Gong {rElec rN+ MR+ EV-5}
rNeg     + . .     Faith    .   O - +6 gold dragon scales "Gadurua" {rPois rF+ rC+ MR+ Int+2}
rPois    +         Spirit   .   (helmet unavailable)
rElec    +         Reflect  .   Q - +0 cloak {MR+}
rCorr    .         Harm     .   S - +2 pair of gloves of the Eight Hells {rF+}
MR       ++++.                  (no boots)
Stlth    ..........             K - amulet of the Air {Inacc +Fly rElec EV+5 RMsl}
HPRegen  0.30/turn              v - +6 ring of strength
MPRegen  0.22/turn              u - +6 ring of strength

@: protected from physical damage, studying Armour, repel missiles
A: permanent stasis, dig shafts and tunnels, four strong arms, antennae 3,
deformed body, dopey 1, frail 1, weak 1
a: Dig, Upheaval, Elemental Force, Disaster Area, Renounce Religion, Evoke
Flight


You were in the Dungeon.
You worshipped Qazlal.
Qazlal was extremely pleased with you.
You were not hungry.

You visited 1 branch

Inventory:

Hand Weapons
 c - a +5 executioner's axe of protection
 j - a +5 demon whip of electrocution (weapon)
 k - the +9 heavy crossbow "Sniper" {velocity, Acc+∞ SInv}
   (You found it in the Dungeon)

   Any bolt fired from it inflicts extra damage.
   It lets you see invisible.
 l - the cursed +14 obsidian axe {chop, +Fly SInv *Curse}
   (You found it in the Dungeon)

   It inflicts extra damage upon your enemies.
   It lets you see invisible.
   It lets you fly.
   It curses itself when equipped.
   It has a curse placed upon it.
 o - the +7 great mace "Firestarter" {inner flame, rF++}
   (You found it in the Dungeon)

   It has been specially enchanted to burn those struck by it, causing extra
   injury to most foes and up to half again as much damage against particularly
   susceptible opponents.
   It greatly protects you from fire.
 p - the +8 lance "Wyrmbane" {slay drac, rPois rF+ rC+ AC+3}
   (You found it in the Dungeon)

   It affects your AC (+3).
   It protects you from fire.
   It protects you from cold.
   It protects you from poison.
 M - the +8 halberd "Siofih" {speed, rC+++ Str-4 Dex+10}
   (You found it in the Dungeon)

   Attacks with this weapon are significantly faster.
   It affects your strength (-4).
   It affects your dexterity (+10).
   It renders you almost immune to cold.
 P - the +6 broad axe of Suicidal Tendencies {vamp, rElec MR+ Str+4 Dex+4}
   (You found it in the Dungeon)

   It inflicts no extra harm, but heals its wielder when it wounds a living foe.
   It affects your strength (+4).
   It affects your dexterity (+4).
   It insulates you from electricity.
   It affects your resistance to hostile enchantments.
Missiles
 h - 1011 bolts
Armour
 a - +5 gold dragon scales
 b - a +3 large shield
 m - the +15 Maxwell's patent armour {-Cast -Tele rElec MR+ rCorr}
   (You found it in the Dungeon)

   It insulates you from electricity.
   It affects your resistance to hostile enchantments.
   It prevents spellcasting.
   It prevents most forms of teleportation.
   It provides partial protection from all sources of acid and corrosion.
 n - the +18 shield of the Gong (worn) {rElec rN+ MR+ EV-5}
   (You found it in the Dungeon)

   It affects your evasion (-5).
   It insulates you from electricity.
   It protects you from negative energy.
   It affects your resistance to hostile enchantments.
 I - a +0 cloak of invisibility
 O - the +6 gold dragon scales "Gadurua" (worn) {rPois rF+ rC+ MR+ Int+2}
   (You found it in the Dungeon)

   It affects your intelligence (+2).
   It protects you from fire.
   It protects you from cold.
   It protects you from poison.
   It affects your resistance to hostile enchantments.
 Q - a +0 cloak of magic resistance (worn)
 S - the +2 pair of gloves of the Eight Hells (worn) {rF+}
   (You found it in the Dungeon)

   It protects you from fire.
Jewellery
 q - a +6 ring of dexterity
 r - a +6 ring of dexterity
 s - a +6 ring of intelligence
 t - a +6 ring of intelligence
 u - a +6 ring of strength (right hand)
 v - a +6 ring of strength (left hand)
 K - the amulet of the Air (around neck) {Inacc +Fly rElec EV+5 RMsl}
   (You found it in the Dungeon)

   [amulet of inaccuracy]

   It reduces the accuracy of all your attacks.
   It affects your evasion (+5).
   It insulates you from electricity.
   It lets you fly.
   It protects you from missiles.
 L - an uncursed ring of magical power
 R - a +6 ring of intelligence
 T - a +4 ring of protection
Wands
 w - a wand of disintegration (7)
 x - a wand of iceblast (7)
 y - a wand of acid (7)
Scrolls
 z - 4 scrolls of amnesia
 A - 5 scrolls of fog
 B - a scroll of holy word
 C - 5 scrolls of identify
 D - 5 scrolls of remove curse
 E - 2 scrolls of fear
Potions
 d - 6 potions of might
 e - 10 potions of curing
 g - 3 potions of heal wounds
 i - 7 potions of magic
 F - 2 potions of brilliance
 G - 2 potions of invisibility
 H - 4 potions of resistance
 J - 5 potions of agility
Books
 U - a manual of Armour
Miscellaneous
 N - 3 boxes of beasts
Comestibles
 f - 4 rations


   Skills:
 + Level 19.9 Fighting
 * Level 8.2(12.6) Axes
 - Level 15.0(15.7) Maces & Flails
 + Level 17.8 Armour
 + Level 1.8 Dodging
 + Level 2.2 Stealth
 - Level 11.8 Shields
 * Level 12.5 Spellcasting
 + Level 15.6 Hexes
 + Level 0.7 Charms
 + Level 1.0 Necromancy
 + Level 0.7 Ice Magic
 + Level 0.5 Air Magic
 + Level 2.2 Invocations
 + Level 0.8 Evocations


You had 25 spell levels left.
You knew the following spells:

 Your Spells              Type           Power        Failure   Level  Hunger
a - Silence               Hex/Air        ###.......   69%         5    #####..
b - Regeneration          Chrm/Necr      #.........   90%         3    ##.....
c - Metabolic Englaciati  Hex/Ice        ###.......   67%         5    #####..

Your spell library contained the following spells:

 Spells                   Type           Power        Failure   Level  Hunger
 Confusing Touch          Hex            #####.       1%          1    None
 Corona                   Hex            #####..      1%          1    None
 Slow                     Hex            #####...     1%          2    None
 Confuse                  Hex            #####...     1%          3    ##.....
 Tukima's Dance           Hex            #####...     1%          3    ##.....
 Cause Fear               Hex            #####.....   1%          4    ####...
 Ensorcelled Hibernation  Hex/Ice        ###...       5%          2    None
 Dazzling Spray           Conj/Hex       ###...       12%         3    ##.....
 Inner Flame              Hex/Fire       ###.....     12%         3    ##.....
 Portal Projectile        Hex/Tloc       ###...       12%         3    ##.....
 Darkness                 Hex            #####.....   24%         6    #######
 Leda's Liquefaction      Hex/Erth       ###.......   36%         4    ####...
 Shock                    Conj/Air       #...         65%         1    None
 Corpse Rot               Necr           N/A          67%         2    None
 Sublimation of Blood     Necr           #.........   67%         2    None
 Flame Tongue             Conj/Fire      #....        69%         1    None
 Summon Butterflies       Summ           #.......     69%         1    None
 Summon Mana Viper        Hex/Summ       ###.....     73%         5    #####..
 Yara's Violent Unravell  Hex/Tmut       ###.......   73%         5    #####..
 Swiftness                Chrm/Air       #.......     75%         2    None
 Sticks to Snakes         Tmut           #.......     83%         2    None
 Throw Flame              Conj/Fire      #.....       83%         2    None
 Static Discharge         Conj/Air       #.......     95%         3    ##.....
 Call Canine Familiar     Summ           #.......     96%         3    ##.....
 Conjure Flame            Conj/Fire      #.......     96%         3    ##.....
 Gell's Gravitas          Tloc           #.........   96%         3    ##.....
 Ignite Poison            Fire/Tmut/Pois #.......     96%         3    ##.....
 Recall                   Summ/Tloc      N/A          96%         3    ##.....
 Spider Form              Tmut/Pois      #.........   96%         3    ##.....
 Stone Arrow              Conj/Erth      #.....       96%         3    ##.....
 Animate Dead             Necr           N/A          99%         4    ####...
 Airstrike                Air            #.........   100%        4    ####...
 Force Lance              Conj/Tloc      #.......     100%        4    ####...
 Ice Form                 Ice/Tmut       #.......     100%        4    ####...
 Petrify                  Tmut/Erth      #.......     100%        4    ####...
 Sticky Flame             Conj/Fire      #.......     100%        4    ####...
 Summon Ice Beast         Ice/Summ       #.......     100%        4    ####...
 Agony                    Necr           #.......     100%        5    #####..
 Bolt of Draining         Conj/Necr      #.........   100%        5    #####..
 Bolt of Magma            Conj/Fire/Erth #.........   100%        5    #####..
 Borgnjor's Vile Clutch   Necr/Erth      #.........   100%        5    #####..
 Dispel Undead            Necr           #.......     100%        5    #####..
 Excruciating Wounds      Chrm/Necr      #.........   100%        5    #####..
 Fireball                 Conj/Fire      #.........   100%        5    #####..
 Irradiate                Conj/Tmut      #.........   100%        5    #####..
 Lightning Bolt           Conj/Air       #.........   100%        5    #####..
 Summon Forest            Summ/Tloc      #.........   100%        5    #####..
 Bolt of Fire             Conj/Fire      #.........   100%        6    #######
 Conjure Ball Lightning   Conj/Air       #.........   100%        6    #######
 Death Channel            Necr           #.........   100%        6    #######
 Deflect Missiles         Chrm/Air       #.........   100%        6    #######
 Dispersal                Tloc           #.........   100%        6    #######
 Hydra Form               Tmut           #.........   100%        6    #######
 Poison Arrow             Conj/Pois      #.........   100%        6    #######
 Shadow Creatures         Summ           N/A          100%        6    #######
 Simulacrum               Ice/Necr       #.........   100%        6    #######
 Statue Form              Tmut/Erth      #........    100%        6    #######
 Dragon Form              Tmut           #.........   100%        7    #######
 Haunt                    Necr/Summ      #.........   100%        7    #######
 Malign Gateway           Summ/Tloc      #.........   100%        7    #######
 Monstrous Menagerie      Summ           #.........   100%        7    #######
 Ring of Flames           Chrm/Fire      #.........   100%        7    #######
 Spellforged Servitor     Conj/Summ      #.........   100%        7    #######
 Summon Greater Demon     Summ           #.........   100%        7    #######
 Summon Hydra             Summ           #.........   100%        7    #######
 Borgnjor's Revivificati  Necr           #.........   100%        8    #######
 Chain Lightning          Conj/Air       #.........   100%        8    #######
 Death's Door             Chrm/Necr      #.........   100%        8    #######
 Discord                  Hex            #####.....   100%        8    #######
 Disjunction              Tloc           #.........   100%        8    #######
 Ignition                 Fire           #.........   100%        8    #######
 Infestation              Necr           #.........   100%        8    #######
 Lehudib's Crystal Spear  Conj/Erth      #.........   100%        8    #######
 Necromutation            Tmut/Necr      #.........   100%        8    #######
 Summon Horrible Things   Summ           #.........   100%        8    #######
 Fire Storm               Conj/Fire      #.........   100%        9    #######
 Glaciate                 Conj/Ice       #.........   100%        9    #######
 Blink                    Tloc           Unusable     N/A         2    N/A
 Controlled Blink         Tloc           Unusable     N/A         8    N/A

Dungeon Overview and Level Annotations

Branches:
Dungeon (1/1)

Altars:
Ashenzari
Cheibriados
Dithmenos
Elyvilon
Fedhas
Gozag
Hepliaklqana
Kikubaaqudgha
Makhleb
Nemelex Xobeh
Okawaru
Qazlal
Ru
Sif Muna
Trog
Uskayaw
Vehumet
Wu Jian
Xom
Yredelemnul
Zin
The Shining One
Beogh
Jiyva
Lugonu


Innate Abilities, Weirdness & Mutations

You cannot be hasted, slowed, berserked, paralysed or teleported.
You can dig through walls and to a lower floor.
Your four strong arms can wield two-handed weapons with a shield.
You have a pair of large antennae on your head. (SInv)
Armour fits poorly on your strangely shaped body.
You are dopey. (Int -2)
You are frail. (-10% HP)
You are weak. (Str -2)


Message History

SHROANNG!
The Executioner hits you but does no damage.
The Executioner barely misses you. x2
The sun demon is engulfed in freezing vapours.
The cacodemon is engulfed in freezing vapours.
You block the cacodemon's attack.
BONNNG!
You block the cacodemon's attack.
PTOANNNG!
The Executioner hits you but does no damage.
The Executioner closely misses you.
The Executioner hits you but does no damage.
Todotuirph hits you!!
* * * LOW HITPOINT WARNING * * *
You feel more protected from physical attacks.
The gelid blood saint is engulfed in blazing flames.
The gelid blood saint conjures a destructive force in the name of Makhleb!
The mass of ice explodes!
The iceblast engulfs Todotuirph!!!
Todotuirph is frozen!
The iceblast engulfs you!! You partially resist.
You die...

▓.)).|:)}=)|{ ▓.....
▓..=}%b}}b=: ▓.....
▓.....b..b.. ▓..▓..
▓........... ▓.▓▓▓.
{{
▓....43..5....▓..▓..
{{
▓..{3345......▓.....
▓6○4634..b....▓▓▓▓▓▓
▓62▓&&3b...▓..▓...8©
▓5▓@▓{....▓.▓ ▓..)..
▓.○▓13bb...▓..▓...).
▓...○.........▓.....
▓.....b©......▓.....
▓▓▓▓▓▓▓▓▓▓▓▓▓▓▓.....
▓..... ▓..... ▓.▓.).
▓....©


You could see Oseaqausk, Todotuirph (invisible), a cacodemon, a torturous
warmonger, an Executioner, a gelid blood saint, 2 soul eaters, 2 sun demons, a
torturous demonspawn, 2 orange demons, a smoke demon, a neqoxec, a red devil, a
crimson imp and a white imp.

Vanquished Creatures
  2 acid blobs (D)
  A nagaraja (D)
  A vampire knight (D)
  5 death oozes (D)
  2 naga warriors (D)
  A great orb of eyes (D)
  2 anacondas (D)
  A centaur warrior (D)
  A hell hog (D)
  A wretched star (D)
  4 skeletal warriors (D)
  4 necromancers (D)
  A shining eye (D)
  3 cyclopes (D)
  3 rust devils (D)
  3 guardian serpents (D)
  A naga mage (D)
  2 eyes of devastation (D)
  2 hellions (D)
  A yaktaur (D)
  A tormentor (D)
  An ancient zyme (D)
  2 freezing wraiths (D)
  An ice devil (D)
  2 polar bears (D)
  A slime creature (D)
  5 shadows (D)
  A ynoxinul (D)
  A tarantella (D)
  A large abomination (D)
  2 fire elementals (D)
  2 neqoxecs (D)
  A naga (D)
  5 hell hounds (D)
  A water moccasin (D)
  3 orc warriors (D)
  An ice beast (D)
  3 phantoms (D)
  2 eyes of draining (D)
  3 necrophages (D)
  A centaur (D)
  A scorpion (D)
  5 small abominations (D)
  9 wights (D)
  4 quasits (D)
  4 crimson imps (D)
  2 orc priests (D)
  A jelly (D)
  2 iron imps (D)
  3 adders (D)
  A shadow imp (D)
  3 white imps (D)
  3 ufetubi (D)
  3 oozes (D)
  4 adder skeletons (D)
  An adder zombie (D)
  3 orcs (D)
  5 bat skeletons (D)
  3 bat zombies (D)
  A ball python (D)
  A giant cockroach zombie (D)
  A leopard gecko skeleton (D)
  A leopard gecko zombie (D)
  A quokka skeleton (D)
  2 quokka zombies (D)
145 creatures vanquished.

Vanquished Creatures (others)
  A wight (D)
  An iron imp (D)
2 creatures vanquished.

Grand Total: 147 creatures vanquished

Notes
Turn   | Place    | Note
-------+----------+-------------------------------------------
     0 | D        | Found the +6 Majin-Bo {vamp, Archmagi MP+6 Int+6}
     0 | D        | Found the +7 great mace "Firestarter" {inner flame, rF++}
     0 | D        | Kairos the Formicid Fighter began the quest for the Orb.
     0 | D        | Reached XP level 1. HP: 18/18 MP: 1/1
    19 | D        | Found a blossoming altar of Fedhas.
    21 | D        | Found a viscous altar of Jiyva.
    21 | D        | Found a hazy altar of Hepliaklqana.
    21 | D        | Found a transporter.
    21 | D        | Found an opulent altar of Gozag.
    21 | D        | Found an ancient bone altar of Kikubaaqudgha.
    21 | D        | Found a corrupted altar of Lugonu.
    34 | D        | Found a burning altar of Makhleb.
    35 | D        | Found an iron altar of Okawaru.
    35 | D        | Found a stormy altar of Qazlal.
    35 | D        | Found a sparkling altar of Nemelex Xobeh.
    35 | D        | Found a sacrificial altar of Ru.
    35 | D        | Found a deep blue altar of Sif Muna.
    40 | D        | Found the +9 heavy crossbow "Sniper" {velocity, Acc+∞ SInv}
    40 | D        | Found the +10 dark maul {crush}
    40 | D        | Found the +15 Maxwell's patent armour {-Cast -Tele rElec
                  | MR+ rCorr}
    40 | D        | Found the +18 shield of the Gong {rElec rN+ MR+ EV-5}
    40 | D        | Found the cursed +14 obsidian axe {chop, +Fly SInv *Curse}
    42 | D        | Found the +6 shillelagh "Devastator" {shatter}
    42 | D        | Found the +11 plutonium sword {*Contam Stlth-}
    42 | D        | Found the +8 lance "Wyrmbane" {slay drac, rPois rF+ rC+
                  | AC+3}
    42 | D        | Found the +9 sword of Zonguldrok {reap}
    42 | D        | Found the cursed +13 scythe of Curses {drain, *Curse}
    42 | D        | Found the +0 sword of Power
    42 | D        | Found the +7 mace of Variability {chain chaos}
    42 | D        | Found the +7 Singing Sword {slice, sonic wave}
    42 | D        | Found the +7 longbow "Piercer" {penet, EV-2}
    44 | D        | Found a bloodstained altar of Trog.
    86 | D        | Became a worshipper of Qazlal Stormbringer
   124 | D        | Entered arena 2.
   124 | D        | Noticed a tarantella
   124 | D        | Noticed a scorpion
   124 | D        | Found a transporter.
   132 | D        | Killed a tarantella
   132 | D        | Reached skill level 6 in Fighting
   132 | D        | Reached skill level 1 in Maces & Flails
   132 | D        | Reached XP level 2. HP: 23/29 MP: 2/2
   132 | D        | Reached XP level 3. HP: 28/35 MP: 3/3
   132 | D        | Reached XP level 4. HP: 33/41 MP: 4/4
   132 | D        | Reached XP level 5. HP: 38/47 MP: 5/5
   141 | D        | Reached skill level 7 in Fighting
   141 | D        | Reached XP level 6. HP: 46/55 MP: 6/6
   153 | D        | Entered arena 3.
   153 | D        | Noticed a polar bear
   153 | D        | Noticed an ice beast
   153 | D        | Noticed a polar bear
   153 | D        | Found a transporter.
   161 | D        | Killed a polar bear
   161 | D        | Reached * piety under Qazlal
   161 | D        | Reached skill level 8 in Fighting
   161 | D        | Reached skill level 10 in Shields
   161 | D        | Reached XP level 7. HP: 47/63 MP: 7/7
   168 | D        | Killed a polar bear
   168 | D        | Reached skill level 9 in Fighting
   168 | D        | Reached skill level 5 in Maces & Flails
   259 | D        | Entered arena 4.
   259 | D        | Found a transporter.
   260 | D        | Found the amulet of the Air {Inacc +Fly rElec EV+5 RMsl}
   266 | D        | Reached ** piety under Qazlal
   266 | D        | Reached XP level 8. HP: 70/71 MP: 8/8
   285 | D        | Got the +8 halberd "Siofih" {speed, rC+++ Str-4 Dex+10}
   290 | D        | Entered arena 5.
   290 | D        | Found a transporter.
   297 | D        | Reached *** piety under Qazlal
   305 | D        | Reached skill level 1 in Dodging
   315 | D        | Reached **** piety under Qazlal
   319 | D        | Got the Compendium of Arcane Weapons
   321 | D        | Got the +6 gold dragon scales "Gadurua" {rPois rF+ rC+ MR+
                  | Int+2}
   335 | D        | Entered arena 6.
   335 | D        | Found a transporter.
   345 | D        | Reached skill level 10 in Fighting
   372 | D        | Got the +6 broad axe of Suicidal Tendencies {vamp, rElec
                  | MR+ Str+4 Dex+4}
   383 | D        | Entered arena 7.
   383 | D        | Noticed a fire elemental
   383 | D        | Noticed a fire elemental
   383 | D        | Noticed a hell hog
   384 | D        | Found a transporter.
   395 | D        | Killed a hell hog
   395 | D        | Reached ***** piety under Qazlal
   395 | D        | Reached skill level 10 in Maces & Flails
   395 | D        | Reached skill level 10 in Armour
   395 | D        | Reached XP level 9. HP: 48/79 MP: 9/9
   397 | D        | Reached skill level 11 in Fighting
   636 | D        | Entered arena 8.
   636 | D        | Noticed a centaur warrior
   636 | D        | Noticed a cyclops
   636 | D        | Noticed a cyclops
   636 | D        | Noticed a cyclops
   636 | D        | Noticed a yaktaur
   637 | D        | Found a transporter.
   642 | D        | Killed a yaktaur
   643 | D        | Killed a cyclops
   643 | D        | Reached XP level 10. HP: 76/89 MP: 10/10
   644 | D        | Killed a centaur warrior
   644 | D        | Reached ****** piety under Qazlal
   644 | D        | Reached skill level 12 in Fighting
   645 | D        | Killed a cyclops
   646 | D        | Killed a cyclops
   776 | D        | Got the Almanac of the Damaging Oath
   786 | D        | Learned a level 5 spell: Silence
   789 | D        | Entered arena 9.
   790 | D        | Identified the +9 scimitar of Camoatef {drain, *Slow rPois
                  | rF+ MR+}
   790 | D        | Found a transporter.
   834 | D        | Entered arena 10.
   835 | D        | Found a transporter.
   838 | D        | Reached skill level 1 in Hexes
   843 | D        | Reached skill level 15 in Maces & Flails
   952 | D        | Entered arena 11.
   963 | D        | Reached skill level 1 in Spellcasting
   974 | D        | Found a transporter.
   992 | D        | Got the Collected Works on Spatial Weightlessness
   995 | D        | Entered arena 12.
   995 | D        | Noticed a guardian serpent
   995 | D        | Noticed a guardian serpent
   995 | D        | Noticed a naga warrior
   995 | D        | Noticed a naga warrior
   995 | D        | Noticed a naga mage
   995 | D        | Noticed an anaconda
   995 | D        | Noticed an anaconda
   996 | D        | Noticed a guardian serpent
   996 | D        | Noticed a nagaraja
  1004 | D        | Killed a naga mage
  1004 | D        | Reached skill level 13 in Fighting
  1004 | D        | Reached skill level 5 in Hexes
  1004 | D        | Reached XP level 11. HP: 90/98 MP: 12/14
  1020 | D        | Killed a naga warrior
  1029 | D        | Killed an anaconda
  1031 | D        | Killed an anaconda
  1031 | D        | Reached skill level 5 in Spellcasting
  1047 | D        | Killed a nagaraja
  1047 | D        | Reached skill level 14 in Fighting
  1068 | D        | Killed a naga warrior
  1084 | D        | Found a transporter.
  1388 | D        | Entered arena 13.
  1388 | D        | Noticed a skeletal warrior
  1403 | D        | Reached skill level 15 in Fighting
  1403 | D        | Reached XP level 12. HP: 61/109 MP: 23/23
  1413 | D        | Killed a skeletal warrior
  1444 | D        | Found a transporter.
  1455 | D        | Got the +2 pair of gloves of the Eight Hells {rF+}
  1462 | D        | Got the Catalogue of Ghastly Arcane Weapons
  1482 | D        | Learned a level 3 spell: Regeneration
  1488 | D        | Learned a level 5 spell: Metabolic Englaciation
  1652 | D        | Entered arena 14.
  1657 | D        | Reached skill level 1 in Stealth
  1657 | D        | Reached skill level 1 in Necromancy
  1657 | D        | Reached skill level 1 in Invocations
  1657 | D        | Reached XP level 13. HP: 116/116 MP: 25/25
  1702 | D        | Reached skill level 16 in Fighting
  1713 | D        | Found a transporter.
  1721 | D        | Got the Almanac of Moulding
  1725 | D        | Got the Tome of the Traveller and the Escort
  1824 | D        | Entered arena 15.
  1870 | D        | Found a transporter.
  1937 | D        | Entered arena 16.
  1938 | D        | Noticed a vampire knight
  1942 | D        | Identified the +9 mace of the Elven Halls {freeze, Str-2
                  | Int+3 SInv}
  1952 | D        | Reached skill level 10 in Spellcasting
  1952 | D        | Reached skill level 15 in Hexes
  1960 | D        | Reached skill level 15 in Armour
  1978 | D        | Reached skill level 17 in Fighting
  1984 | D        | Killed a vampire knight
  1989 | D        | Found a transporter.
  2096 | D        | Entered arena 17.
  2128 | D        | Gained mutation: You are frail. (-10% HP) [a neqoxec]
  2140 | D        | Gained mutation: You are dopey. (Int -2) [a neqoxec]
  2142 | D        | Gained mutation: Armour fits poorly on your strangely
                  | shaped body. [a neqoxec]
  2146 | D        | Reached skill level 5 in Axes
  2152 | D        | Reached skill level 18 in Fighting
  2164 | D        | Found a transporter.
  2209 | D        | Entered arena 18.
  2221 | D        | Noticed a death ooze
  2223 | D        | Noticed a great orb of eyes
  2225 | D        | Killed a death ooze
  2225 | D        | Noticed a death ooze
  2229 | D        | Killed a death ooze
  2233 | D        | Killed a great orb of eyes
  2233 | D        | Reached XP level 14. HP: 117/117 MP: 25/29
  2234 | D        | Noticed an acid blob
  2243 | D        | Noticed an acid blob
  2250 | D        | Killed an acid blob
  2250 | D        | Reached skill level 19 in Fighting
  2264 | D        | Killed an acid blob
  2267 | D        | Found the +8 demon blade "Leech" {vamp, rN+ AC-3 EV-3}
  2646 | D        | Found a transporter.
  2718 | D        | Entered arena 19.
  2725 | D        | Noticed an Executioner
  2726 | D        | Noticed Todotuirph the pandemonium lord
  2726 | D        | Noticed Daoffont the pandemonium lord
  2726 | D        | Noticed Imer the pandemonium lord
  2726 | D        | Noticed a cacodemon
  2726 | D        | Gained mutation: You are weak. (Str -2) [a cacodemon]
  2726 | D        | Noticed a gelid blood saint
  2727 | D        | Noticed a torturous warmonger
  2727 | D        | Noticed Oseaqausk the pandemonium lord
  2732 | D        | HP: 3/120 [soul eater/drain life (5)]
  2741 | D        | Killed from afar by a gelid blood saint

Skill      XL: |  1  2  3  4  5  6  7  8  9 10 11 12 13 14 |
---------------+-------------------------------------------+-----
Fighting       | 6 7 8 9 10 11 13 15 18 19 | 19.9
Axes           | 3 4 6 8 |  8.2
Maces & Flails | 1 4 6 10 13 15 | 15.0
Armour         | 6 7 8 9 10 11 12 14 16 17 | 17.8
Shields        | 7 8 10 11 | 11.8
Dodging        | 1 |  1.8
Hexes          | 5 13 14 15 | 15.6
Spellcasting   | 2 7 8 11 12 | 12.5
Stealth        | 1 2 |  2.2
Necromancy     | 1 |  1.0
Invocations    | 1 2 |  2.2
Charms         | |  0.7
Ice Magic      | |  0.7
Air Magic      | |  0.5
Evocations     | |  0.8

Action                   |  1- 3 |  4- 6 |  7- 9 | 10-12 | 13-15 || total
-------------------------+-------+-------+-------+-------+-------++-------
Melee: Demon whip        |     7 |    15 |    90 |   151 |   247 ||   510
       Great mace        |       |       |    18 |    31 |       ||    49
Invok: Upheaval          |       |       |       |       |     1 ||     1
       Disaster Area     |       |       |       |       |     4 ||     4
  Use: Scroll            |       |     1 |       |     3 |     1 ||     5
       Potion            |       |       |       |     2 |     6 ||     8
 Stab: Distracted        |       |       |       |       |     1 ||     1
  Eat: Ration            |       |       |       |     2 |     1 ||     3
       Chunk             |       |       |       |     1 |       ||     1
Armor: Plate armour      |     4 |    12 |    12 |       |       ||    28
       Gold dragon scale |       |       |    22 |    58 |    30 ||   110
Dodge: Dodged            |       |     1 |    16 |    27 |    21 ||    65
       Deflected         |       |       |       |     2 |       ||     2
Block: Shield            |    15 |    33 |   175 |   346 |   274 ||   843
